 Dungeon Crawl Stone Soup version 0.18-a0-1400-g0ef5d54 (webtiles) character file.

12321 KarvaRausku the Destroyer (level 11, -6/72 HPs)
             Began as a High Elf Conjurer on Feb 24, 2016.
             Was an Elder of Sif Muna.
             Mangled by a spiny frog (19 damage)
             ... on level 1 of the Lair of Beasts.
             The game lasted 00:55:54 (9984 turns).

KarvaRausku the Destroyer (High Elf Conjurer)       Turns: 9984, Time: 00:55:54

Health: -6/72      AC:  8    Str:  7    XL:     11   Next: 60%
Magic:  7/24       EV: 24    Int: 23    God:    Sif Muna [****..]
Gold:   428        SH:  0    Dex: 18    Spells: 3 memorised, 19 levels left

rFire  . . .     SeeInvis .     w - +10 whip of the Ancient Curses {drain, rElec Dex+2}
rCold  . . .     Gourm    .     E - +1 robe {MR+}
rNeg   . . .     Faith    .     (no shield)
rPois  +         Spirit   .     (no helmet)
rElec  +         Dismiss  .     Q - +0 cloak {rPois}
rCorr  +         Reflect  .     y - +1 pair of gloves
SustAt .         Harm     .     n - +1 pair of boots
MR     +++..     Clarity  +     G - amulet of magic regeneration
Stlth  ++........               F - ring of resist corrosion
                                t - +5 ring of evasion

@: extremely resistant to hostile enchantments, unstealthy
A: clarity, magic resistance 1
a: Channel Energy, Forget Spell, Renounce Religion


You were on level 1 of the Lair of Beasts.
You worshipped Sif Muna.
Sif Muna was greatly pleased with you.
You were not hungry.

You visited 3 branches of the dungeon, and saw 12 of its levels.

You collected 634 gold pieces.
You spent 206 gold pieces at shops.

Inventory:

Hand Weapons
 d - a +2 whip of pain
 w - the +10 whip of the Ancient Curses (weapon) {drain, rElec Dex+2}
   (You found it on level 4 of the Dungeon)

   A truly terrible weapon, it drains the life of those it strikes.
   It affects your dexterity (+2).
   It insulates you from electricity.
 P - a +2 quarterstaff of chaos
Missiles
 o - 34 arrows of frost
 z - 4 javelins (quivered)
Armour
 n - a +1 pair of boots (worn)
 x - a +0 leather armour
 y - a +1 pair of gloves (worn)
 A - a +0 helmet
 E - a +1 robe of magic resistance (worn)
 Q - a +0 cloak of poison resistance (worn)
 S - the +1 chain mail of Yphix {rCorr}
   (You found it on level 7 of the Dungeon)

   It protects you from acid and corrosion.
 Z - a +1 shield
Jewellery
 t - a +5 ring of evasion (left hand)
 C - an uncursed ring of protection from fire
 F - a ring of resist corrosion (right hand)
 G - an amulet of magic regeneration (around neck)
 K - an uncursed ring of fire {unknown}
Wands
 v - a wand of paralysis (14/24)
 M - a wand of teleportation (2/9)
Scrolls
 h - a scroll of recharging
 l - 5 scrolls of noise {unknown}
 q - a scroll of amnesia
 r - 3 scrolls of enchant weapon {unknown}
 D - a scroll of remove curse
 I - 4 scrolls of teleportation
 L - 4 scrolls of identify
 X - a scroll of enchant armour
Potions
 e - a potion of cure mutation
 i - 3 potions of lignification
 k - 3 potions of haste
 m - 6 potions of curing
 p - a potion of berserk rage
 s - 2 potions of might
 N - a potion of flight {unknown}
 O - a potion of magic {unknown}
 R - a potion of brilliance {unknown}
 U - 3 potions of agility {unknown}
Books
 b - a book of Conjurations

   Spells                             Type                      Level
   a - Magic Dart                     Conjuration                  1
   b - Searing Ray                    Conjuration                  2
   c - Dazzling Spray                 Conjuration/Hexes            3
   d - Fulminant Prism                Conjuration/Hexes            4
   e - Iskenderun's Mystic Blast      Conjuration                  4
   f - Iskenderun's Battlesphere      Conjuration/Charms           5
 j - a Grand Grimoire

   Spells                             Type                      Level
   a - Monstrous Menagerie            Summoning                    7
   b - Summon Greater Demon           Summoning                    7
   c - Malign Gateway                 Summoning/Translocation      7
   d - Summon Horrible Things         Summoning                    8
 Y - a book of the Dragon

   Spells                             Type                      Level
   a - Flame Tongue                   Conjuration/Fire             1
   b - Cause Fear                     Hexes                        4
   c - Bolt of Fire                   Conjuration/Fire             6
   d - Dragon Form                    Transmutation                7
   e - Dragon's Call                  Summoning                    9
Comestibles
 a - 8 chunks of flesh
 c - 4 bread rations
 B - 3 slices of pizza
 H - 3 meat rations
 J - 2 royal jellies


   Skills:
 + Level 5.4 Fighting
 + Level 4.6 Maces & Flails
 + Level 9.1 Dodging
 - Level 2.1 Stealth
 + Level 8.6 Spellcasting
 + Level 12.8 Conjurations
 + Level 1.3 Charms
   Level 5.3 Summonings


You had 19 spell levels left.
You knew the following spells:

 Your Spells              Type           Power        Failure   Level  Hunger
a - Magic Dart            Conj           ####         1%          1    None
b - Searing Ray           Conj           ######       1%          2    None
c - Iskenderun's Battles  Conj/Chrm      #####...     12%         5    #####..


Dungeon Overview and Level Annotations

Branches:
Dungeon (9/15)             Temple (1/1) D:5            Lair (2/8) D:9
    Orc (0/2) D:9

Altars:
Ashenzari
Cheibriados
Dithmenos
Elyvilon
Fedhas
Gozag
Kikubaaqudgha
Makhleb
Nemelex Xobeh
Okawaru
Pakellas
Qazlal
Ru
Sif Muna
Trog
Vehumet
Xom
Yredelemnul
Zin
The Shining One

Shops:
D:3 *   D:9 [

Annotations:
D:8 exclusion: ice statue


Innate Abilities, Weirdness & Mutations

You possess an exceptional clarity of mind.
You are resistant to hostile enchantments.


Message History

The magic dart hits the black mamba.
The black mamba is almost dead.
The spiny frog completely misses you. The black mamba barely misses you.
The spiny frog closely misses you.
Unknown command.
You miss the black mamba.
The black mamba is almost dead.
The black mamba bites you. The black mamba misses you.
You hit the black mamba. You drain the black mamba!
You kill the black mamba!
The spiny frog stings you!
* * * LOW HITPOINT WARNING * * *
The spiny frog barely misses you.
Casting: Magic Dart
Confirm with . or Enter, or press ? or * to list all spells.
Aiming: Searing Ray
Press: ? - help, Shift-Dir - straight line, f - spiny frog
Aim: a spiny frog (severely wounded)
The searing ray misses the spiny frog.
The spiny frog stings you!!
You die...

###..######.##
.[...### #..##
.......## ##..#
........#####.##
##......#.# #..#
##.#.....##
##.##
###...##..#
#§.##
.....###P##
#.†.# .....# ###
#P.@# ## ######
.....# ###F##
#≈##..... ....##
##.# #≈≈#.._..
.....# ##.###
#≈≈≈)≈≈) .#####
#.#..# ##≈≈≈≈≈≈
## ##...#
#≈≈≈≈)≈ # #...##
##≈≈≈≈) #
##....# #≈≈≈≈≈ #
#P....##
####..(.(


You could see a spiny frog.

Vanquished Creatures
  The ghost of Duskembrace the Slicer, a journeyman DsBe of Trog (Lair:1)
  Pikel (D:5)
  An orc knight (D:9)
  2 black mambas (Lair:1)
  The ghost of epen the Chopper, a novice MiBe of Trog (D:4)
  3 two-headed ogres
  8 blink frogs
  The ghost of Potsanchik the Insei, an amateur OpTm (D:5)
  A shadow (D:9)
  15 yaks
  A hippogriff (D:7)
  A porcupine (Lair:1)
  3 water moccasins
  An orc warrior (D:7)
  3 slaves (D:5)
  9 ice beasts
  4 phantoms
  2 black bears (D:7)
  6 ogres
  5 centaurs
  4 crocodiles
  A giant frog (Lair:1)
  A howler monkey (D:9)
  7 scorpions
  A water moccasin skeleton (D:6)
  5 killer bees
  9 wights
  4 jellies
  2 crimson imps
  A quasit (D:8)
  2 hounds
  2 orc priests
  Crazy Yiuf (D:7)
  3 orc wizards
  A centaur skeleton (D:8)
  5 iguanas
  4 worker ants
  A killer bee zombie (D:7)
  2 howler monkey zombies (D:9)
  10 adders
  A river rat (Lair:2)
  2 shadow imps
  An ooze (D:3)
  An adder zombie (D:5)
  2 dart slugs (D:4)
  2 giant geckos
  13 orcs
  14 bats
  4 giant cockroaches
  3 goblins
  11 hobgoblins
  2 jackals
  16 kobolds
  3 quokkas
  A ball python (D:1)
  A ball python skeleton (D:6)
  A giant gecko skeleton (D:4)
  5 giant newts
  A jackal skeleton (D:4)
  A quokka skeleton (D:5)
  3 rats (D:2)
  A fungus (D:7)
224 creatures vanquished.

Vanquished Creatures (collateral kills)
  2 killer bees (D:9)
  2 orcs (D:9)
4 creatures vanquished.

Grand Total: 228 creatures vanquished

Notes
Turn   | Place    | Note
--------------------------------------------------------------
     0 | D:1      | KarvaRausku the High Elf Conjurer began the quest for the Orb.
     0 | D:1      | Reached XP level 1. HP: 11/11 MP: 4/4
   122 | D:1      | Reached XP level 2. HP: 10/17 MP: 0/6
   757 | D:1      | Learned a level 2 spell: Searing Ray
   795 | D:2      | Reached skill level 5 in Conjurations
   795 | D:2      | Reached XP level 3. HP: 7/21 MP: 4/8
   808 | D:1      | HP: 1/31 [poisoned by an adder]
  1397 | D:2      | Found a burning altar of Makhleb.
  1529 | D:2      | Reached skill level 1 in Fighting
  1624 | D:3      | Found Zin's Purification Station.
  1627 | D:3      | Found a glowing silver altar of Zin.
  1683 | D:3      | Reached XP level 4. HP: 28/28 MP: 3/10
  1687 | D:3      | Found a bloodstained altar of Trog.
  1800 | D:3      | Noticed an ogre
  1809 | D:3      | Killed an ogre
  1809 | D:3      | Reached skill level 1 in Maces & Flails
  1809 | D:3      | Reached XP level 5. HP: 33/33 MP: 5/11
  1955 | D:3      | Noticed a phantom
  1972 | D:3      | Killed a phantom
  2052 | D:3      | Reached XP level 6. HP: 24/38 MP: 7/13
  2057 | D:3      | Reached skill level 6 in Conjurations
  2256 | D:3      | Learned a level 5 spell: Iskenderun's Battlesphere
  2518 | D:4      | Noticed epen's ghost (novice MiBe)
  2985 | D:4      | Found an ancient bone altar of Kikubaaqudgha.
  3295 | D:4      | Reached skill level 5 in Spellcasting
  3295 | D:4      | Reached XP level 7. HP: 13/43 MP: 10/15
  3484 | D:4      | Reached skill level 7 in Conjurations
  3636 | D:4      | Got a scorched whip
  3637 | D:4      | Identified the +10 whip of the Ancient Curses {drain, rElec Dex+2} (You found it on level 4 of the Dungeon)
  3869 | D:4      | Killed epen's ghost
  3869 | D:4      | Reached XP level 8. HP: 27/50 MP: 3/17
  3933 | D:4      | Reached skill level 5 in Dodging
  4141 | D:5      | Entered Level 5 of the Dungeon
  4173 | D:5      | Noticed a two-headed ogre
  4186 | D:5      | Killed a two-headed ogre
  4186 | D:5      | Reached skill level 8 in Conjurations
  4220 | D:5      | Found a shadowy altar of Dithmenos.
  4233 | D:5      | Noticed Potsanchik's ghost (amateur OpTm)
  4250 | D:5      | Killed Potsanchik's ghost
  4362 | D:5      | Noticed Pikel
  4376 | D:5      | Killed Pikel
  4376 | D:5      | Reached skill level 9 in Conjurations
  4376 | D:5      | Reached XP level 9. HP: 49/58 MP: 7/19
  4484 | D:5      | Gained mutation: You possess an exceptional clarity of mind. [potion of mutation]
  4484 | D:5      | Gained mutation: You are resistant to hostile enchantments. [potion of mutation]
  4485 | D:5      | Found a staircase to the Ecumenical Temple.
  4716 | D:6      | Learned a level 7 spell: Summon Greater Demon
  5115 | D:6      | Reached skill level 1 in Summonings
  5443 | Temple   | Entered the Ecumenical Temple
  5462 | Temple   | Became a worshipper of Sif Muna the Loreminder
  5894 | D:7      | Found an iron altar of Okawaru.
  5894 | D:7      | Found a radiant altar of Vehumet.
  5895 | D:7      | Found an opulent altar of Gozag.
  5944 | D:7      | Noticed Crazy Yiuf
  5949 | D:7      | Killed Crazy Yiuf
  6126 | D:7      | Reached * piety under Sif Muna
  6138 | D:7      | Got a dazzling chain mail
  6475 | D:8      | Reached skill level 10 in Conjurations
  6558 | D:8      | Reached skill level 5 in Fighting
  6645 | D:8      | Reached XP level 10. HP: 55/66 MP: 13/20
  6754 | D:8      | Noticed an ice statue
  7034 | D:9      | Reached ** piety under Sif Muna
  7165 | D:9      | Found an iron altar of Okawaru.
  7169 | D:9      | Found a staircase to the Lair.
  7180 | D:9      | Noticed an orc knight
  7199 | D:9      | Killed an orc knight
  7207 | D:9      | Found Qiecot's Antique Armour Emporium.
  7228 | D:9      | Reached skill level 5 in Summonings
  7251 | D:9      | Bought a pair of glowing boots for 103 gold pieces
  7251 | D:9      | Bought a pair of embroidered gloves for 103 gold pieces
  7289 | D:9      | Identified the +1 chain mail of Yphix {rCorr} (You found it on level 7 of the Dungeon)
  7300 | D:9      | Found a staircase to the Orcish Mines.
  7551 | Lair:1   | Entered Level 1 of the Lair of Beasts
  7551 | Lair:1   | Noticed Duskembrace's ghost (journeyman DsBe)
  7563 | D:9      | Reached skill level 11 in Conjurations
  8143 | Lair:1   | Killed Duskembrace's ghost
  8143 | Lair:1   | Reached *** piety under Sif Muna
  8148 | Lair:1   | Found a frozen archway.
  8238 | Lair:1   | Reached XP level 11. HP: 51/72 MP: 11/23
  8532 | Lair:1   | Reached skill level 12 in Conjurations
  8927 | Lair:1   | Found a shimmering altar of Xom.
  9349 | Lair:2   | Reached **** piety under Sif Muna
  9957 | Lair:1   | Reached skill level 1 in Charms
  9984 | Lair:1   | Mangled by a spiny frog

Vault maps used:
D:1:      onia_arrival_mini_maze, minivault_27
D:2:      lightli_temple_of_fire
D:3:      zin_purify, marbit_many_paths, first_bread, minmay_misc_feat_roman
D:4:      kennysheep_little_box
D:5:      old_standard_altar, minmay_temple_entry_from_below_b, corexii_shack,
          uniq_pikel
D:7:      old_forge, gammafunk_temple_overflow_claw, uniq_crazy_yiuf_cottage
D:8:      lemuel_ice_statue
D:9:      kennysheep_blocky_room, orc_0_dummy, basic_altar, serial_shops, shop
Temple:   eino_temple_water_12
Lair:1:   portal_ice_cave_entry_ice_beasts, lemuel_centaur_altar
Lair:2:   serial_bayou_lagoon_a, beast_lair_carwin_6

Skill      XL: |  1  2  3  4  5  6  7  8  9 10 11 |
---------------+----------------------------------+-----
Spellcasting   | 3 4 5 6 7 8 |  8.6
Conjurations   | 5 6 7 9 10 11 12 | 12.8
Fighting       | 1 2 3 5 |  5.4
Maces & Flails | 1 3 4 |  4.6
Dodging        | 3 4 5 6 8 9 |  9.1
Summonings     | 3 5 |  5.3
Charms         | 1 |  1.3
Stealth        | |  2.1

Action                   |  1- 3 |  4- 6 |  7- 9 | 10-12 || total
-------------------------+-------+-------+-------+-------++-------
Melee: Whip              |    33 |    21 |    64 |    61 ||   179
Throw: Javelin           |       |       |       |     1 ||     1
 Cast: Magic Dart        |    76 |    61 |   102 |   176 ||   415
       Searing Ray       |       |    11 |    47 |    41 ||    99
       Iskenderun's Batt |       |       |       |    19 ||    19
Evoke: Wand              |       |       |       |     1 ||     1
  Use: Potion            |     3 |       |     1 |     1 ||     5
       Scroll            |       |     3 |     3 |    11 ||    17
 Stab: Sleeping          |     1 |       |       |       ||     1
  Eat: Chunk             |     2 |     5 |    10 |    11 ||    28
       Bread ration      |       |       |       |     1 ||     1
       Fruit             |       |       |       |     1 ||     1
       Beef jerky        |       |       |       |     1 ||     1
